 Dungeon Crawl Stone Soup version 0.21-a0-142-gdd972a7 (webtiles) character file.

376 vambrance the Poker (level 6, -1/49 HPs)
             Began as a Mummy Wanderer on July 23, 2017.
             Was a Follower of Kikubaaqudgha.
             Killed from afar by an orc wizard (18 damage)
             ... with a puff of flame
             ... on level 3 of the Dungeon.
             The game lasted 00:04:54 (4443 turns).

vambrance the Poker (Mummy Wanderer)                Turns: 4443, Time: 00:04:55

Health: -1/49      AC:  4    Str: 13    XL:     6   Next: 44%
Magic:  8/8        EV: 11    Int: 16    God:    Kikubaaqudgha [*.....]
Gold:   101        SH:  0    Dex: 11    Spells: 7/7 levels left

rFire    x . .     SeeInvis .   a - +2 spear
rCold    + . .     Gourm    .   (no shield)
rNeg     + + +     Faith    .   c - +0 robe
rPois    ∞         Spirit   .   j - +0 helmet
rElec    .         Reflect  .   k - +0 cloak
rCorr    .         Harm     .   (no gloves)
MR       .....                  (no boots)
Stlth    +.........             (no amulet)
HPRegen  0.16/turn              (no ring)
MPRegen  0.11/turn              (no ring)

@: no status effects
A: no food or potions, fire vulnerability, cold resistance 1, negative energy
resistance 3, torment resistance, unbreathing
a: Receive Corpses, Renounce Religion


You were on level 3 of the Dungeon.
You worshipped Kikubaaqudgha.
Kikubaaqudgha was aware of your devotion.
You were not hungry.

You visited 1 branch of the dungeon, and saw 3 of its levels.

You collected 101 gold pieces.

Inventory:

Hand Weapons
 a - a +2 spear (weapon)
Armour
 c - a +0 robe (worn)
 h - a +0 large shield
 j - a +0 helmet (worn)
 k - a +0 cloak (worn)
Scrolls
 b - 2 scrolls of teleportation
 d - 2 scrolls of enchant weapon {unknown}
 e - a scroll of enchant armour {unknown}
 f - a scroll of fear {unknown}
 g - 2 scrolls of identify {unknown}
 i - 3 scrolls of remove curse {unknown}
 l - a scroll of immolation {unknown}
 m - a scroll of amnesia {unknown}
 n - a scroll of blinking {unknown}


   Skills:
 + Level 4.3 Fighting
 * Level 4.7 Polearms
 - Level 1.0 Throwing
 - Level 1.5 Armour
 - Level 1.0 Stealth
 - Level 1.3 Spellcasting
   Level 1.0 Translocations
   Level 1.0 Transmutations


You had 7 spell levels left.
You didn't know any spells.

Dungeon Overview and Level Annotations

Branches:
Dungeon (3/15)

Altars:
Fedhas
Kikubaaqudgha


Innate Abilities, Weirdness & Mutations

You do not eat or drink.
Your flesh is vulnerable to fire.
You are immune to poison.
Your flesh is cold resistant. (rC+)
You are immune to negative energy. (rN+++)
You are immune to unholy pain and torment.
You can survive without breathing.


Message History

Press: ? - help, Dir - move target cursor, f - orc wizard
Aim: an orc wizard, wielding a vampiric dagger and wearing a robe (fast)
You reach to attack!
You closely miss the orc wizard.
Attack whom?
Press: ? - help, Dir - move target cursor, f/p - orc wizard
Aim: an orc wizard, wielding a vampiric dagger and wearing a robe (fast)
You closely miss the orc wizard.
The orc wizard points at you and mumbles some strange words.
The magic dart hits you!
The orc hits you from afar with a trident of protection!
The orc wizard hits you with a vampiric dagger.
You hit the orc wizard.
The orc wizard is lightly wounded.
The orc barely misses you. The orc wizard closely misses you.
You hit the orc wizard.
The orc wizard is heavily wounded.
The orc wizard gestures at you while chanting.
The puff of flame hits you! The fire burns you terribly!
You die...
Kikubaaqudgha rasps: "You have failed me!
Welcome... oblivion!"

#....#####.##.###..##.##.##....#
#.###.# #.###.#.#.##.##.##.###.
#####.# #.# ##....(.....÷.## #
......# #.# #.##.##.##..##
##.##.# #.####.##.##.#...#
#.##.# #......##........# #.##.#
######o###.###.##.# #.##.# #o#
#.# #.# .. #.##.# #@# #.# ..# .#
#.##.# #.# #.#.## .# #.# .# #.#
#.#. .# #.# #.# #.# #.# #.# #
#.###.#.####. #..))........
#######.####% #


You could see an orc wizard and an orc.

Vanquished Creatures
  Grinder (D:3)
  Natasha (D:3)
  4 gnolls
  7 adders
  A worm (D:3)
  5 orcs (D:3)
  5 giant cockroaches
  6 goblins
  6 hobgoblins
  12 kobolds
  A quokka (D:2)
  4 bats
  A frilled lizard (D:2)
  6 rats
60 creatures vanquished.

Notes
Turn   | Place    | Note
-------+----------+-------------------------------------------
     0 | D:1      | vambrance the Mummy Wanderer began the quest for the Orb.
     0 | D:1      | vambrance set off with: a +2 spear, 2 scrolls of teleportation, a +0 robe
     0 | D:1      | Reached XP level 1. HP: 18/18 MP: 2/2
   442 | D:1      | Reached skill level 1 in Polearms
   651 | D:1      | Reached XP level 2. HP: 13/24 MP: 4/4
  1426 | D:2      | Reached XP level 3. HP: 23/29 MP: 5/5
  1587 | D:2      | Reached XP level 4. HP: 13/35 MP: 6/6
  2081 | D:2      | Found an ancient bone altar of Kikubaaqudgha.
  2437 | D:2      | Became a worshipper of Kikubaaqudgha
  2457 | D:2      | Found a blossoming altar of Fedhas.
  3549 | D:3      | Reached XP level 5. HP: 37/41 MP: 7/7
  3670 | D:3      | Noticed Natasha
  3682 | D:3      | Killed Natasha
  3955 | D:3      | Noticed Grinder
  3961 | D:3      | Paralysed by Grinder for 5 turns
  4000 | D:3      | Paralysed by Grinder for 5 turns
  4025 | D:3      | Paralysed by Grinder for 4 turns
  4050 | D:3      | Killed Grinder
  4050 | D:3      | Reached XP level 6. HP: 9/49 MP: 8/8
  4438 | D:3      | Reached * piety under Kikubaaqudgha
  4438 | D:3      | Identified Kikubaaqudgha's Collected Works on Darkness (Kikubaaqudgha gifted it to you on level 3 of the Dungeon)
  4438 | D:3      | Received a gift from Kikubaaqudgha
  4443 | D:3      | Killed from afar by an orc wizard

Vault maps used:
D:1:      dpeg_arrival_tiny_d, hangedman_abyss_or_decor_stabs, minivault_11
D:2:      lemuel_round_altar, old_standard_altar,
          nicolae_overflow_hidden_temple, minmay_stone_trees_small,
          kennysheep_generic_room_5
D:3:      first_bread, hangedman_decor_push, uniq_natasha, uniq_grinder,
          uniq_robin

Skill      XL: |  1  2  3  4  5 |
---------------+----------------+-----
Polearms       | 1 2 3 4 |  4.7
Fighting       | 4 |  4.3
Throwing       | |  1.0
Armour         | |  1.5
Stealth        | |  1.0
Spellcasting   | |  1.3
Translocations | |  1.0
Transmutations | |  1.0

Action                   |  1- 3 |  4- 6 || total
-------------------------+-------+-------++-------
Melee: Spear             |    65 |   169 ||   234
 Stab: Sleeping          |     2 |     2 ||     4
       Distracted        |       |     1 ||     1
Armor: Robe              |     6 |    31 ||    37
Dodge: Dodged            |    31 |    56 ||    87
